 Dungeon Crawl Stone Soup version 0.30-a0-618-gd6c86c23d0 (webtiles) character file.

Game seed: 11361686857637882537

868 greasedhog the Trooper (level 7, -4/64 HPs)
             Began as a Pale Draconian Fighter on Jan 10, 2023.
             Slain by a two-headed ogre
             ... wielding a +0 giant club
              (17 damage)
             ... on level 5 of the Dungeon.
             The game lasted 00:05:37 (5108 turns).

greasedhog the Trooper (Pale Draconian Fighter)     Turns: 5108, Time: 00:05:37

Health: -4/64      AC:  9    Str: 18    XL:     7   Next: 73%
Magic:  0/7        EV: 13    Int:  9    God:
Gold:   306        SH:  4    Dex: 12    Spells: 6/6 levels left

rFire   . . .      SeeInvis .    a - +0 long sword
rCold   . . .      Faith    .    b - +0 buckler
rNeg    . . .      Spirit   +    (body armour unavailable)
rPois   +          Reflect  .    (helmet restricted)
rElec   .          Harm     .    c - +1 cloak {rPois}
rCorr   .          Rampage  .    (no gloves)
Will    .....                    g - +0 pair of boots
Stlth   +                        f - amulet of guardian spirit
HPRegen 0.30/turn                (no ring)
MPRegen 0.10/turn                (no ring)

@: no status effects
A: breathe steam, AC +6, unfitting armour, cold-blooded, steam resistance
a: Breathe Steam


You were on level 5 of the Dungeon.
You visited 1 branch of the dungeon, and saw 5 of its levels.

You collected 306 gold pieces.

Inventory:

Hand Weapons
 a - a +0 long sword (weapon)
Missiles
 d - 14 poisoned darts (quivered)
Armour
 b - a +0 buckler (worn)
 c - a +1 cloak of poison resistance (worn)
 g - a +0 pair of boots (worn)
Jewellery
 f - an amulet of guardian spirit (around neck)
Wands
 q - a wand of iceblast (14)
Scrolls
 i - 2 scrolls of blinking {unknown}
 k - 2 scrolls of fog {unknown}
 l - 4 scrolls of teleportation {unknown}
 m - 3 scrolls of magic mapping {unknown}
 n - 2 scrolls of immolation {unknown}
 p - 2 scrolls of enchant weapon {unknown}
 r - 4 scrolls of identify
Potions
 e - 2 potions of attraction {unknown}
 h - a potion of might
 j - a potion of brilliance {unknown}
 o - 3 potions of curing {unknown}


   Skills:
 * Level 6.9 Fighting
 * Level 5.8 Long Blades
 + Level 4.4 Dodging
 - Level 3.0 Shields


You had 6 spell levels left.
You didn't know any spells.
Your spell library was empty.

Dungeon Overview and Level Annotations

Branches:
Dungeon (5/15)
 Temple: D:4-7

Altars:
Kikubaaqudgha
Makhleb
Uskayaw
Xom
Zin


Innate Abilities, Weirdness & Mutations

You can breathe blasts of scalding, opaque steam.
Your pale cyan-grey scales are hard. (AC +6)
You cannot fit into any form of body armour.
You are cold-blooded and may be slowed by cold attacks.
You are immune to the effects of steam.


Message History

You see here a +0 club.
Aiming: Breathe Steam (1% risk of failure)
Press: ? - help, Shift-Dir - straight line, f/p - two-headed ogre
Aim: a two-headed ogre, wielding a +0 giant club and a +0 dire flail (lightly wounded, 86% to hit)
You exhale a blast of scalding steam.
The ball of steam hits the two-headed ogre!
The two-headed ogre is moderately wounded.
The two-headed ogre is engulfed in a cloud of scalding steam.
Unknown command.
Throw: 16 darts (poison)
Press: ? - help, Q - select action, (/) - cycle Shift-Dir - straight line, f/p - two-headed ogre
Aim: a two-headed ogre, wielding a +0 giant club and a +0 dire flail (steam, moderately wounded, 75% to hit)
You throw a poisoned dart.
The poisoned dart closely misses the two-headed ogre.
The two-headed ogre is engulfed in a cloud of scalding steam.
The two-headed ogre barely misses you. You block the two-headed ogre's attack.
Throw: 15 darts (poison)
Press: ? - help, Q - select action, (/) - cycle Shift-Dir - straight line, f/p - two-headed ogre
Aim: a two-headed ogre, wielding a +0 giant club and a +0 dire flail (steam, moderately wounded, 75% to hit)
You throw a poisoned dart.
The poisoned dart hits the two-headed ogre.
The two-headed ogre is moderately wounded.
The two-headed ogre is engulfed in a cloud of scalding steam.
The two-headed ogre barely misses you.
The two-headed ogre hits you with a +0 dire flail.
You barely miss the two-headed ogre.
The two-headed ogre is heavily wounded.
You barely miss the two-headed ogre. You tail-slap the two-headed ogre.
The two-headed ogre is heavily wounded.
The two-headed ogre hits you with a +0 giant club!!
The two-headed ogre hits you with a +0 dire flail!!
The two-headed ogre attacks as you move away!
The two-headed ogre closely misses you.
The two-headed ogre hits you with a +0 dire flail!
* * * LOW HITPOINT WARNING * * *
You have got your breath back.
The two-headed ogre attacks as you move away!
The two-headed ogre closely misses you.
The two-headed ogre hits you with a +0 dire flail!!
You die...

'.('.....(.)..'.....).).).#.#.~≈~
#..#######....#######.....#'###≈~
##########''''#############...#≈~
...........)..............#...#≈~
≈)~~~~~~~~....~~≈~~~~~~~~~#####≈~
≈≈≈≈≈~≈≈≈~....~≈≈≈≈≈≈≈≈≈≈≈~≈≈≈≈≈≈
~≈≈≈≈~~~~~....~~~~≈≈~~~~~~≈~~~~~~
..........)......................
#.####..####...O@.####.#..####.##
......))# ##.###.# #[#.......#
#.#####.#####.# #)# #.#..######
#)# #(.(....# #.####)#..###
#.########.##.# #...).<....[#
#.............# #......##.#.#
##########.#### #.#######.#.# #.#
#.# #.#.# #.# #.# #.#.#


You could see a two-headed ogre.

Vanquished Creatures
  A black bear (D:5)
  A phantom (D:4)
  A kobold brigand (D:5)
  A bullfrog (D:4)
  A gnoll bouda (D:4)
  Crazy Yiuf (D:2)
  4 hounds (D:5)
  Terence (D:2)
  23 gnolls
  3 adders
  3 dart slugs
  22 orcs
  6 endoplasms
  4 giant cockroaches
  8 goblins
  7 hobgoblins
  10 jackals (D:5)
  5 kobolds
  A quokka (D:1)
  2 ball pythons (D:1)
  6 bats
  3 frilled lizards
  8 rats
122 creatures vanquished.

Vanquished Creatures (others)
  An angel (D:3)
  An orc (D:4)
  4 fungi (D:2)
  2 plants (D:5)
8 creatures vanquished.

Grand Total: 130 creatures vanquished

Notes
Turn   | Place    | Note
-------+----------+-------------------------------------------
     0 | D:1      | greasedhog the Draconian Fighter began the quest for the
                  | Orb.
     0 | D:1      | Reached XP level 1. HP: 19/19 MP: 1/1
   269 | D:1      | Reached XP level 2. HP: 26/26 MP: 2/2
   889 | D:2      | Found a runed translucent door.
   890 | D:2      | Noticed Crazy Yiuf
   896 | D:2      | Killed Crazy Yiuf
   897 | D:2      | Reached skill level 4 in Fighting
   897 | D:2      | Reached XP level 3. HP: 15/33 MP: 3/3
  1045 | D:2      | Reached XP level 4. HP: 37/40 MP: 4/4
  1083 | D:2      | Noticed Terence
  1100 | D:2      | Killed Terence
  1644 | D:2      | Found an ancient bone altar of Kikubaaqudgha.
  1940 | D:3      | Found a hide-covered altar of Uskayaw.
  2061 | D:3      | Found a shimmering altar of Xom.
  2061 | D:3      | Noticed an angel
  2063 | D:3      | Found a glowing silver altar of Zin.
  2123 | D:3      | Reached XP level 5. HP: 39/47 MP: 5/5
  2232 | D:3      | Killed an angel
  2319 | D:3      | Found a burning altar of Makhleb.
  2694 | D:4      | Noticed a phantom
  2719 | D:4      | Killed a phantom
  2720 | D:4      | Reached skill level 5 in Fighting
  3393 | D:4      | Reached XP level 6. HP: 40/56 MP: 6/6
  3736 | D:5      | Entered Level 5 of the Dungeon
  4072 | D:4      | Reached skill level 6 in Fighting
  4077 | D:4      | Reached skill level 5 in Long Blades
  4205 | D:4      | Your scales start taking on a pale cyan-grey colour.
  4205 | D:4      | Reached XP level 7. HP: 45/63 MP: 7/7
  4205 | D:4      | Gained mutation: You are immune to the effects of steam.
                  | [Pale Draconian growth]
  5050 | D:5      | Noticed a two-headed ogre
  5108 | D:5      | Slain by a two-headed ogre

Illustrated notes

Levels and vault maps discovered:
D:1:      wander_arrival_fairy_ring, layout_basic
D:2:      layout_basic, basic_altar, guppyfry_early_orc_mine,
          uniq_crazy_yiuf_cottage, uniq_terence
D:3:      layout_loops_ring, grunt_temple_overflow_order_and_chaos_1,
          mainiacjoe_overflow_large_starburst
D:4:      layout_basic
D:5:      lemuel_castle_with_subvaults [lemuel_castle_interior_original],
          layout_loops_ring, gammafunk_ghost_stat_death

Skill      XL: |  1  2  3  4  5  6 |
---------------+-------------------+-----
Fighting       | 4 5 6 |  6.9
Long Blades    | 3 4 5 |  5.8
Dodging        | 3 4 |  4.4
Shields        | |  3.0

Action                   |  1- 3 |  4- 6 |  7- 9 || total
-------------------------+-------+-------+-------++-------
Melee: Long sword        |    85 |   233 |   149 ||   467
       Tailslap          |    10 |    35 |    25 ||    70
Throw: Dart              |       |       |     4 ||     4
 Abil: Breathe Steam     |       |       |     5 ||     5
  Use: Potion            |     1 |       |       ||     1
       Scroll            |       |     2 |       ||     2
 Stab: Sleeping          |     1 |       |       ||     1
Armor: Skin              |    21 |    90 |   119 ||   230
Dodge: Dodged            |    42 |   163 |   157 ||   362
Block: Buckler           |    12 |    58 |    61 ||   131

Table legend: (Time is in decaauts)
 A = Elapsed time spent in this place.
 B = Non-inter-level travel time spent in this place.
 C = Inter-level travel time spent in this place.
 D = Time resting spent in this place.
 E = Time spent auto-exploring this place.
 F = Levels seen in this place.
 G = Mean time per level.
                   A        B        C        D        E       F      G
               +--------+--------+--------+--------+--------+-----+--------+
         Total |   5238 |   5118 |    120 |    614 |   3373 |   5 | 1047.6 |
       Dungeon |   5238 |   5118 |    120 |    614 |   3373 |   5 | 1047.6 |
               +--------+--------+--------+--------+--------+-----+--------+

Top non-repeatable levels by time:
     D:4: 1581 daAuts
     D:2: 1136 daAuts
     D:5: 1087 daAuts
     D:1: 828 daAuts
     D:3: 604 daAuts
